 Dungeon Crawl Stone Soup version 0.24.0-125-gc4c63601f3 (webtiles) character file.

Game seed: 15770292489300129534, levelgen mode: deterministic

5870 Bodigarde the Basher (level 10, -10/110 HPs)
             Began as an Ogre Arcane Marksman on Mar 2, 2020.
             Was a Believer of Ru.
             Mangled by a vampire (12 damage)
             ... on level 10 of the Dungeon.
             The game lasted 00:58:06 (15755 turns).

Bodigarde the Basher (Ogre Arcane Marksman)        Turns: 15755, Time: 00:58:06

Health: -10/110    AC:  2    Str: 19    XL:     10   Next: 81%
Magic:  11/11      EV: 10    Int: 14    God:    Ru [**....]
Gold:   605        SH:  0    Dex:  9    Spells: 6/11 levels left

rFire    . . .     SeeInvis +   a - +0 giant spiked club
rCold    . . .     Gourm    .   (shield currently unavailable)
rNeg     . . .     Faith    +   x - +0 robe
rPois    +         Spirit   .   q - +2 hat
rElec    .         Reflect  .   G - +0 cloak {rPois}
rCorr    .         Harm     .   (gloves unavailable)
MR       +....                  (boots unavailable)
Stlth    +.........             y - amulet of faith
HPRegen  0.28/turn              e - ring of see invisible
MPRegen  0.12/turn              D - +3 ring of evasion

@: corroded
A: large, unfitting armour, tough skin 1, hated by all, reduced EV 1
a: Renounce Religion


You were on level 10 of the Dungeon.
You worshipped Ru.
Ru was pleased with you.
You were not hungry.

You visited 2 branches of the dungeon, and saw 12 of its levels.
You also visited: Bailey.

You collected 605 gold pieces.

Inventory:

Hand Weapons
 a - a +0 giant spiked club (weapon)
 b - a +0 flail of protection
Missiles
 c - 21 poisoned darts
 g - 244 stones
 h - 8 atropa-tipped darts
 r - a large rock
 s - 5 boomerangs
 E - 6 curare-tipped darts (quivered)
 F - 3 throwing nets
Armour
 q - a +2 hat (worn)
 x - a +0 robe (worn)
 G - a +0 cloak of poison resistance (worn)
Jewellery
 e - a ring of see invisible (left hand)
 y - an amulet of faith (around neck)
 A - an uncursed ring of wizardry
 B - an uncursed ring of wizardry
 D - a +3 ring of evasion (right hand)
Wands
 t - a wand of disintegration (18)
 z - a wand of flame (46)
Scrolls
 d - a scroll of noise {unknown}
 i - a scroll of blinking {unknown}
 j - a scroll of immolation {unknown}
 k - 3 scrolls of enchant weapon
 l - 4 scrolls of teleportation
 p - 3 scrolls of magic mapping
 u - 3 scrolls of enchant armour {unknown}
 v - 2 scrolls of identify
 C - a scroll of amnesia {unknown}
 I - 2 scrolls of remove curse {unknown}
Potions
 m - a potion of resistance
 n - a potion of curing
 o - 2 potions of magic
 w - 4 potions of flight
 H - a potion of mutation
Comestibles
 f - 16 rations
 J - a chunk of flesh


   Skills:
 + Level 10.0 Fighting
 * Level 10.2 Maces & Flails
 - Level 2.0 Throwing
 + Level 7.3 Dodging
 - Level 1.2 Spellcasting
 - Level 2.7 Hexes
 + Level 2.1 Translocations


You had 6 spell levels left.
You knew the following spells:

 Your Spells              Type           Power        Failure   Level  Hunger
a - Corona                Hex            #......      9%          1    ##.....
b - Slow                  Hex            #.......     13%         2    ###....
c - Blink                 Tloc           N/A          16%         2    ###....

Your spell library contained the following spells:

 Spells                   Type           Power        Failure   Level  Hunger
 Magic Dart               Conj           #...         26%         1    ##.....
 Portal Projectile        Hex/Tloc       #.....       28%         3    ####...
 Inner Flame              Hex/Fire       #.......     41%         3    ####...
 Conjure Flame            Conj/Fire      #.......     61%         3    ####...
 Mephitic Cloud           Conj/Pois/Air  #.......     61%         3    ####...
 Cause Fear               Hex            #.........   63%         4    #####..
 Leda's Liquefaction      Hex/Erth       #.........   83%         4    #####..
 Call Imp                 Summ           Unusable     N/A         2    N/A

Dungeon Overview and Level Annotations

Branches:
Dungeon (11/15)            Temple (1/1) D:7          Bailey (visited)
   Lair: D:8-11         Orc: D:9-12

Altars:
Ashenzari
Cheibriados
Dithmenos
Elyvilon
Fedhas
Gozag
Hepliaklqana
Kikubaaqudgha
Makhleb
Nemelex Xobeh
Okawaru
Qazlal
Ru
Sif Muna
Trog
Uskayaw
Vehumet
Wu Jian
Xom
Yredelemnul
Zin
The Shining One
Beogh

Annotations:
D:5 3 runed translucent doors, Winsalot's ghost, novice NaIE; releu's ghost, amateur CeHu


Innate Abilities, Weirdness & Mutations

You are too large for most types of armour.
You have tough skin. (AC +1)
You are hated by all.
You have somewhat slow reflexes. (EV -5)


Message History

* * * LOW HITPOINT WARNING * * *
The vampire draws life force from you and is healed!
The vampire is infused with unholy energy.
* * * LOW HITPOINT WARNING * * *
The vampire draws life force from you and is healed!
You hit the vampire.
The vampire is heavily damaged.
The vampire is infused with unholy energy.
* * * LOW HITPOINT WARNING * * *
The vampire draws life force from you and is healed!
Unknown command.
Okay, then.
You bludgeon the vampire!!
The vampire is almost destroyed.
The vampire begins to cast a spell, but is stunned by your will!
You barely miss the vampire.
The vampire is almost destroyed.
The vampire hits you but does no damage.
The vampire bites you!
You die...

.# .# #..#....
.##### #..#...
.....# ......#
####.# #.....#
#.# #.....#
####.# # .....#
.....#
....#######....#
######
#.....V@(#....#
#.######=#....#
#.....(.)..#
##....).....#
..........#..#
#.#...
###.......#..###
#. .5.
#####.#.#..#..
#.#...
#.#.#..#.# .....
#.#.#.<#.# #.#..


You could see a vampire (invisible).

Vanquished Creatures
  An ugly thing (D:8)
  Psyche (D:8)
  Prince Ribbit (D:5)
  2 hippogriffs
  5 yaks (D:10)
  Menkaure (D:5)
  Duvessa (D:5)
  A phantom (D:10)
  2 sky beasts (D:7)
  An ice beast (D:7)
  A necrophage (D:6)
  2 ogres
  An orc warrior (D:6)
  An eye of draining (D:10)
  A centaur (D:10)
  8 bullfrogs
  A wyvern zombie (D:4)
  A gnoll sergeant (D:7)
  Dowan (D:5)
  3 scorpions
  A wyvern skeleton (D:7)
  11 killer bees
  A howler monkey (D:6)
  4 crimson imps
  2 centaur zombies (D:4)
  A quasit (D:10)
  3 orc priests
  2 bullfrog zombies
  7 hounds
  Crazy Yiuf (D:7)
  2 centaur skeletons
  7 orc wizards
  3 bullfrog skeletons
  An iguana (D:7)
  7 worker ants
  3 hound zombies
  2 hound skeletons (D:4)
  3 worker ant zombies (D:4)
  A howler monkey skeleton (D:7)
  18 gnolls
  7 adders
  2 shadow imps
  An ooze (D:4)
  4 adder zombies
  2 adder skeletons (D:4)
  2 worms
  2 leopard geckos
  32 orcs
  2 ball pythons
  5 giant cockroaches
  7 goblins
  7 hobgoblins
  7 jackals
  3 kobolds
  6 quokkas
  4 bats
  6 frilled lizards
  A giant cockroach zombie (D:4)
  A jackal skeleton (D:4)
  A jackal zombie (D:4)
  A leopard gecko skeleton (D:7)
  A quokka skeleton (D:6)
  5 rats
225 creatures vanquished.

Notes
Turn   | Place    | Note
-------+----------+-------------------------------------------
     0 | D:1      | Bodigarde the Ogre Arcane Marksman began the quest for the
                  | Orb.
     0 | D:1      | Reached XP level 1. HP: 19/19 MP: 2/2
   341 | D:1      | Reached skill level 1 in Maces & Flails
   468 | D:1      | Reached XP level 2. HP: 12/27 MP: 1/3
   754 | D:1      | Learned a level 2 spell: Slow
  1345 | D:2      | Reached XP level 3. HP: 28/33 MP: 4/4
  1957 | D:2      | Reached XP level 4. HP: 40/42 MP: 3/5
  4062 | D:4      | Reached XP level 5. HP: 50/50 MP: 4/6
  4789 | D:4      | Reached XP level 6. HP: 40/61 MP: 7/7
  5466 | D:4      | Reached XP level 7. HP: 70/70 MP: 8/8
  5912 | D:4      | Reached skill level 5 in Maces & Flails
  6218 | D:4      | Reached skill level 5 in Fighting
  6546 | D:5      | Entered Level 5 of the Dungeon
  6598 | D:5      | Noticed Duvessa
  6598 | D:5      | Noticed Dowan
  6598 | D:5      | Noticed Menkaure
  6603 | D:5      | Noticed Prince Ribbit
  6616 | D:5      | Killed Duvessa
  6617 | D:5      | Killed Menkaure
  6617 | D:5      | Reached XP level 8. HP: 22/81 MP: 9/9
  6619 | D:5      | Killed Prince Ribbit
  6635 | D:5      | Killed Dowan
  7344 | D:5      | Found a runed translucent gate.
  7345 | D:5      | Found a runed translucent gate.
  7345 | D:5      | Found a runed translucent gate.
  7346 | D:5      | Noticed releu's ghost (amateur CeHu)
  7347 | D:5      | Noticed Winsalot's ghost (novice NaIE)
  7380 | D:5      | Found a sacrificial altar of Ru.
  7385 | D:5      | Became a worshipper of Ru the Awakened
  7860 | D:6      | Found a stormy altar of Qazlal.
  9086 | D:6      | Reached skill level 5 in Dodging
  9508 | D:6      | Reached XP level 9. HP: 63/93 MP: 10/10
 10484 | D:7      | Gained mutation: You are hated by all. [Ru sacrifice]
 10484 | D:7      | Reached * piety under Ru
 10902 | D:7      | Found a shattered altar of Ashenzari.
 11281 | D:7      | Found a staircase to the Ecumenical Temple.
 11290 | Temple   | Entered the Ecumenical Temple
 11497 | D:7      | Found a shimmering blue altar of Sif Muna.
 12558 | D:7      | Found a runed translucent door.
 12559 | D:7      | Noticed Crazy Yiuf
 12646 | D:7      | Killed Crazy Yiuf
 12759 | D:8      | Noticed Psyche
 12767 | D:8      | Killed Psyche
 12767 | D:8      | Reached XP level 10. HP: 106/106 MP: 11/11
 12892 | D:8      | You fall into a shaft and drop 1 floor!
 13093 | D:8      | Found a roughly hewn altar of Beogh.
 13211 | D:9      | Noticed a kobold demonologist
 13235 | D:9      | Noticed a soul eater
 13866 | D:8      | Noticed a cyan ugly thing
 13874 | D:8      | Killed a cyan ugly thing
 13884 | D:8      | Gained mutation: You have somewhat slow reflexes. (EV -5)
                  | [Ru sacrifice]
 13884 | D:8      | Reached ** piety under Ru
 13954 | D:8      | Learned a level 2 spell: Blink
 14056 | D:8      | You fall into a shaft and drop 3 floors!
 14093 | D:10     | Entered Level 10 of the Dungeon
 14093 | D:10     | Noticed a two-headed ogre
 14097 | D:11     | Found a flagged portal.
 14105 | Bailey   | Entered a bailey
 14797 | D:11     | HP: 5/107 [killer bee (5)]
 15216 | D:10     | Reached skill level 1 in Translocations
 15220 | D:10     | Reached skill level 10 in Maces & Flails
 15695 | D:10     | Reached skill level 10 in Fighting
 15753 | D:10     | HP: 1/110 [vampire/vampiric draining (14)]
 15755 | D:10     | Mangled by a vampire

Levels and vault maps discovered:
D:1:      lightli_arrival_farm, layout_basic, serial_forest,
          infiniplex_forest_lined_corner, infiniplex_forest_clump_curved,
          infiniplex_forest_clump_C, infiniplex_forest_lined_2,
          infiniplex_forest_lined_room_, infiniplex_forest_lined_room_2,
          infiniplex_forest_lined_2, infiniplex_forest_end_double,
          infiniplex_forest_lined_room_
D:2:      layout_basic
D:3:      layout_loops_ring
D:4:      layout_layer_cave, serial_undead, serial_undead_c, serial_undead_c,
          serial_undead_b, serial_undead_d, serial_undead_f, serial_undead_d,
          serial_undead_a, first_ration
D:5:      layout_gridville, nicolae_ru_awakened_eye, gammafunk_ghost_cemetery,
          uniq_duvessa, uniq_menkaure, uniq_prince_ribbit1
D:6:      layout_rooms, corexii_leaking_fountain, hangedman_decor_points,
          grunt_ministairs_10, minmay_crystal_room, grunt_qazlal_sundering
D:7:      layout_loops_ring, kennysheep_mini_moat, temple_hall, basic_altar,
          grunt_ogre_cave, uniq_crazy_yiuf_cottage
D:8:      layout_basic, lair_entry_dummy, special_room [special_room_orc],
          uniq_psyche
D:9:      layout_rooms, uniq_grum, uniq_pikel
D:10:     minmay_cornered_nines, layout_basic, roderic_roman_lattice,
          minivault_27
D:11:     layout_loops_corners, david_orc_4, serial_shops, shop, enter_bailey_2,
          uniq_erolcha
Temple:   regret_index_temple_chain_breaker

Skill      XL: |  1  2  3  4  5  6  7  8  9 10 |
---------------+-------------------------------+-----
Maces & Flails | 1 2 3 4 5 7 9 10 | 10.2
Dodging        | 2 3 4 5 6 7 |  7.3
Fighting       | 2 3 4 5 7 8 10 | 10.0
Translocations | 2 |  2.1
Throwing       | |  2.0
Spellcasting   | |  1.2
Hexes          | |  2.7

Action                   |  1- 3 |  4- 6 |  7- 9 | 10-12 || total
-------------------------+-------+-------+-------+-------++-------
Melee: Whip              |    70 |   110 |       |       ||   180
       Flail             |       |   121 |   416 |       ||   537
       Giant spiked club |       |       |    20 |   198 ||   218
       Morningstar       |       |       |    13 |       ||    13
Throw: Large rock        |    31 |     4 |     5 |       ||    40
       Throwing net      |     6 |       |     1 |       ||     7
       Stone             |     7 |   120 |    49 |    11 ||   187
       Dart              |       |    33 |    61 |     8 ||   102
 Cast: Corona            |    15 |    14 |    10 |       ||    39
Invok: Sacrifice Love    |       |       |     1 |       ||     1
       Sacrifice Health  |       |       |       |     1 ||     1
Evoke: Wand              |       |       |       |     3 ||     3
  Use: Scroll            |     5 |     3 |     6 |     1 ||    15
       Potion            |     1 |       |     7 |     4 ||    12
 Stab: Held in net/web   |     1 |       |       |       ||     1
       Invisible         |       |       |       |     3 ||     3
  Eat: Chunk             |     3 |    13 |    17 |     6 ||    39
       Ration            |       |       |     2 |     1 ||     3
Armor: Robe              |    22 |    96 |   136 |    63 ||   317
       Skin              |       |       |       |    19 ||    19
Dodge: Dodged            |    51 |   116 |   277 |   163 ||   607
